 Dungeon Crawl Stone Soup version 0.29.1-2-gbd0b4ee654 (webtiles) character file.

Game seed: 1932086926235627948

86 unlimited1921 the Magician (level 4, 0/31 HPs)
             Began as a Djinni Fire Elementalist on Nov 23, 2022.
             Killed from afar by Robin (9 damage)
             ... with a bolt of dispelling energy
             ... on level 2 of the Dungeon.
             The game lasted 00:07:38 (3511 turns).

unlimited1921 the Magician (DjFE)                   Turns: 3511, Time: 00:07:39

Health: 0/31       AC:  5    Str:  7    XL:     4   Next: 77%
Gold:   126        EV: 12    Int: 19    God:
                   SH:  0    Dex: 19

rFire   + + .      SeeInvis .   r - +4 trident (protect)
rCold   x . .      Faith    .   (no shield)
rNeg    . . .      Spirit   .   n - +0 leather armour
rPois   ∞          Reflect  .   (no helmet)
rElec   .          Harm     .   (no cloak)
rCorr   .          Rampage  .   m - +1 pair of gloves
Will    .....                   (boots unavailable)
Stlth   ++........              g - amulet of the acrobat
HPRegen 0.10/turn               s - +6 ring of dexterity
MPRegen 0.00/turn               (no ring)

@: flying
A: sickness immunity, fire resistance 2, cold vulnerability 1, float, innate
caster, HP casting, extra vitality 1
a: no special abilities


You were on level 2 of the Dungeon.
You visited 1 branch of the dungeon, and saw 2 of its levels.

You collected 126 gold pieces.

Inventory:

Hand Weapons
 r - a +4 trident of protection (weapon)
Missiles
 b - 3 boomerangs
Armour
 e - a +0 ring mail
 m - a +1 pair of gloves (worn)
 n - a +0 leather armour (worn)
Jewellery
 g - an amulet of the acrobat (around neck)
 s - a +6 ring of dexterity (left hand)
Scrolls
 d - 3 scrolls of identify {unknown}
 f - a scroll of amnesia {unknown}
 i - 2 scrolls of immolation {unknown}
 j - a scroll of noise {unknown}
 k - a scroll of teleportation {unknown}
 l - a scroll of poison {unknown}
 q - a scroll of magic mapping {unknown}
Potions
 a - a potion of brilliance {unknown}
 c - 2 potions of curing {unknown}
 h - 2 potions of lignification {unknown}
 o - a potion of degeneration {unknown}
 p - 2 potions of mutation {unknown}
 t - a potion of heal wounds {unknown}


   Skills:
 + Level 2.5 Dodging
 + Level 1.9 Stealth
 + Level 3.7 Spellcasting


You couldn't memorise any spells.
You knew the following spells:

 Your Spells              Type           Power      Damage    Failure   Level
a - Foxfire               Conj/Fire      68%        2x1d7     4%          1
b - Scorch                Fire           34%        2d7       7%          2
c - Conjure Flame         Conj/Fire      17%        6-21      14%         3
d - Inner Flame           Hex/Fire       17%        N/A       14%         3
e - Flame Wave            Conj/Fire      17%        2d7       41%         4
f - Sting                 Tmut/Pois      68%        1d6       4%          1
Your spell library was empty.

Dungeon Overview and Level Annotations

Branches:
Dungeon (2/15)

Altars:

Annotations:
D:2 Robin


Innate Abilities, Weirdness & Mutations

You are immune to sickness and miasma.
You are immune to poison.
Your flesh is very heat resistant. (rF++)
You are vulnerable to cold. (rC-)
You float through the air rather than walking.
You learn spells naturally, not from books.
Your magical power is your life essence.
You have superior vitality. (+4 MHP)


Message History

a +0 dagger; a goblin corpse The quokka attacks as you move away!
The quokka completely misses you. The quokka misses you.
Your magical contamination has completely faded away.
You hit the quokka.
Your weapon exudes an aura of protection.
You kill the quokka!
The goblin no longer looks unusually strong.
Robin throws the goblin at you! The goblin completely misses you.
You hit the goblin.
You kill the goblin!
The hobgoblin no longer looks unusually strong.
The goblin misses you. The goblin closely misses you.
You hit the goblin.
You kill the goblin!
Robin roars a battlecry!
The goblins go into a battle-frenzy!
You puncture the hobgoblin!
You kill the hobgoblin!
You closely miss the goblin.
A goblin comes into view. It is wielding a +0 dagger.
The goblin hits you with a +0 club.
Robin zaps a wand.
The bolt of dispelling energy misses the goblin.
The bolt of dispelling energy hits you! The goblin hits you but does no damage.
The goblin attacks as you move away! The goblin barely misses you.
Casting: Inner Flame (quite dangerous; 14% risk of failure)
Confirm with . or Enter, or press ? or * to list all spells.
The spell is quite dangerous to miscast (14% risk of failure)!
Continue anyway?
Aiming: Inner Flame (quite dangerous; 14% risk of failure)
Press: ? - help, Dir - move target, f - goblin
Aim: a goblin, wielding a +0 club (strong, chance to affect: 84%)
The goblin is filled with an inner flame.
The goblin shouts!
* * * LOW HITPOINT WARNING * * *
Robin laughs in a distinctly smug fashion.
Robin zaps a wand.
The bolt of dispelling energy hits the goblin!
The bolt of dispelling energy hits you!
You die...

#g ########## ####.
######........### ....
#...............# ..g
.#######.##########.##.# .g
...g....@# ##.##.##.##.# #.
########)# #..###.#.##.## #.###
#.####...#.#.##.##
#...########g##.#.##.##......
#.)g...g..)..#.8....#.#......
........#######).#.8..).###......
.##.##.## ##...).[...##......
...##.# #.#..###.)##......
##..##.### #.#.###.#.)#......


You could see Robin and a goblin.

Vanquished Creatures
  Terence (D:2)
  3 orcs (D:2)
  4 bats
  6 endoplasms
  5 giant cockroaches
  11 goblins
  5 hobgoblins
  3 kobolds
  3 quokkas
  4 ball pythons
  2 frilled lizards
  3 rats (D:1)
50 creatures vanquished.

Vanquished Creatures (collateral kills)
  A foxfire (D:1)
1 creature vanquished.

Vanquished Creatures (others)
  A goblin (D:2)
  3 demonic plants (D:1)
  123 foxfires
  A plant (D:1)
  A withered plant (D:1)
129 creatures vanquished.

Grand Total: 180 creatures vanquished

Notes
Turn   | Place    | Note
-------+----------+-------------------------------------------
     0 | D:1      | unlimited1921 the Djinni Fire Elementalist began the quest
                  | for the Orb.
     0 | D:1      | unlimited1921 set off with the following spells memorised:
                  | Foxfire, Scorch, Conjure Flame, Inner Flame, Flame Wave.
     0 | D:1      | Reached XP level 1. HP: 15/15 MP: 0/0
    11 | D:1      | Found a faded altar of an unknown god.
   327 | D:1      | Reached XP level 2. HP: 17/21 MP: 0/0
  1173 | D:1      | Reached skill level 3 in Spellcasting
  1287 | D:1      | Reached XP level 3. HP: 22/25 MP: 0/0
  1287 | D:1      | Learned a level 1 spell: Sting
  2978 | D:2      | Reached XP level 4. HP: 28/31 MP: 0/0
  3115 | D:2      | Noticed Terence
  3126 | D:2      | Killed Terence
  3482 | D:2      | Noticed Robin
  3511 | D:2      | Killed from afar by Robin

Illustrated notes

Levels and vault maps discovered:
D:1:      spicycebolla_arrival_clurvy, layout_basic,
          shapermc_ecumenical_altar_gd, minmay_misc_feat_plants,
          minmay_misc_feat_four_crosses
D:2:      layout_loops_ring, guppyfry_early_orc_mine, uniq_robin, uniq_terence

Skill      XL: |  1  2 |
---------------+-------+-----
Spellcasting   | 3 |  3.7
Dodging        | |  2.5
Stealth        | |  1.9

Action                   |  1- 3 |  4- 6 || total
-------------------------+-------+-------++-------
Melee: Unarmed           |    16 |       ||    16
       Trident           |       |    14 ||    14
 Cast: Foxfire           |    69 |     5 ||    74
       Scorch            |    12 |       ||    12
       Inner Flame       |       |     3 ||     3
 Stab: Sleeping          |       |     2 ||     2
Armor: Leather armour    |       |    10 ||    10
Dodge: Dodged            |     6 |    19 ||    25
